 Dungeon Crawl Stone Soup version 0.30-a0-331-g8ab09dc110 (webtiles) character file.

Game seed: 4064830838296656120

56 Pooter the Chopper (level 3, -2/34 HPs)
             Began as a Minotaur Berserker on Oct 30, 2022.
             Was a Believer of Trog.
             Slain by a gnoll
             ... wielding a +0 halberd
              (8 damage)
             ... on level 2 of the Dungeon.
             The game lasted 00:04:11 (743 turns).

Pooter the Chopper (Minotaur Berserker)              Turns: 743, Time: 00:04:11

Health: -2/34      AC: 12    Str: 23    XL:     3   Next: 71%
Magic:  2/2        EV:  8    Int:  4    God:    Trog [**....]
Gold:   48         SH:  0    Dex:  9    Spells: 2/2 levels left

rFire   . . .      SeeInvis .    a - +0 great mace
rCold   . . .      Faith    .    (shield currently unavailable)
rNeg    . . .      Spirit   .    k - +0 chain mail
rPois   .          Reflect  .    (helmet restricted)
rElec   .          Harm     .    (no cloak)
rCorr   .          Rampage  .    (no gloves)
Will    .....                    (no boots)
Stlth   ..........               (no amulet)
HPRegen 0.25/turn                f - +4 ring of protection
MPRegen 0.08/turn                (no ring)

@: on berserk cooldown, slowed, very slow
A: horns 2, retaliatory headbutt
a: Renounce Religion, Berserk, Trog's Hand


You were on level 2 of the Dungeon.
You worshipped Trog.
Trog was pleased with you.
You visited 1 branch of the dungeon, and saw 2 of its levels.

You collected 48 gold pieces.

Inventory:

Hand Weapons
 a - a +0 great mace (weapon)
   (You found it on level 2 of the Dungeon)
 d - a +0 quarterstaff
   (You found it on level 1 of the Dungeon)
 l - a +0 hand axe
Missiles
 i - 4 javelins
 Q - 15 stones (quivered)
Armour
 k - a +0 chain mail (worn)
   (You found it on level 2 of the Dungeon)
Jewellery
 f - a +4 ring of protection (left hand)
   (You found it on level 1 of the Dungeon)
Scrolls
 g - a scroll of magic mapping {unknown}
Potions
 b - a potion of ambrosia {unknown}
 c - a potion of invisibility {unknown}
 e - a potion of heal wounds {unknown}
 h - a potion of haste {unknown}
 j - a potion of lignification {unknown}


   Skills:
 + Level 4.3 Fighting
 * Level 5.1 Axes
 + Level 0.3(3.1) Maces & Flails
 - Level 2.4 Armour
 - Level 2.1 Dodging


You had 2 spell levels left.
You didn't know any spells.
Your spell library was empty.

Dungeon Overview and Level Annotations

Branches:
Dungeon (2/15)

Altars:

Shops:
D:1 [


Innate Abilities, Weirdness & Mutations

You have a pair of horns on your head.
You reflexively headbutt those who attack you in melee.


Message History

The gnoll throws a throwing net.
The throwing net hits you.
You become entangled in the net!
A gnoll comes into view. It is wielding a +0 halberd.
You see here a throwing net {!f}.
You tear a large gash into the net.
The gnoll shouts!
You shred the net and break free!
A red film seems to cover your vision as you go berserk!
You feel yourself moving faster!
You feel mighty! The gnoll barely misses you. x3
You feel a strong urge to attack something.
The gnoll hits you but does no damage. The gnoll closely misses you.
The gnoll hits you from afar with a +0 halberd.
The gnoll barely misses you.
There is a stone staircase leading down here.
You barely miss the gnoll. You headbutt the gnoll!
The gnoll hits you from afar with a +0 halberd.
You closely miss the gnoll.
The gnoll hits you with a +1 whip of electrocution.
You are electrocuted!
The gnoll hits you but does no damage. x3
You barely miss the gnoll.
The gnoll hits you with a +1 whip of electrocution.
* * * LOW HITPOINT WARNING * * *
The gnoll barely misses you. The gnoll hits you but does no damage.
The gnoll hits you from afar with a +0 halberd.
* * * LOW HITPOINT WARNING * * *
You closely miss the gnoll. The gnoll hits you with a +0 club.
* * * LOW HITPOINT WARNING * * *
The gnoll hits you but does no damage. The gnoll completely misses you.
The gnoll hits you from afar with a +0 halberd.
* * * LOW HITPOINT WARNING * * *
You bludgeon the gnoll!!
You kill the gnoll!
Trog accepts your kill.
You are no longer berserk.
You are exhausted.
You feel yourself slow down.
The gnoll hits you with a +1 whip of electrocution.
* * * LOW HITPOINT WARNING * * *
The gnoll hits you from afar with a +0 halberd.
* * * LOW HITPOINT WARNING * * *
The gnoll hits you but does no damage.
Unknown command.
You thump the gnoll! The gnoll hits you but does no damage.
The gnoll barely misses you.
The gnoll hits you from afar with a +0 halberd.
* * * LOW HITPOINT WARNING * * *
The gnoll closely misses you. The gnoll hits you but does no damage.
The gnoll hits you from afar with a +0 halberd!
You die...

......#........########
...##.)........#........
...####..##....#........
....# ##....####........
....# ####..###........
......# ##...#........
....#.# ###..gg......
........ .#####g....$...
................@)......
..........##############
##...... .....


You could see 3 gnolls.

Vanquished Creatures
  2 gnolls
  A dart slug (D:1)
  3 bats
  3 endoplasms (D:1)
  A giant cockroach (D:1)
  5 hobgoblins (D:1)
  5 jackals (D:1)
  3 kobolds
  3 quokkas
  A frilled lizard (D:1)
  3 rats (D:1)
30 creatures vanquished.

Notes
Turn   | Place    | Note
-------+----------+-------------------------------------------
     0 | D:1      | Pooter the Minotaur Berserker began the quest for the Orb.
     0 | D:1      | Reached XP level 1. HP: 19/19 MP: 0/0
    67 | D:1      | Reached skill level 4 in Axes
    69 | D:1      | Reached XP level 2. HP: 27/27 MP: 1/1
   226 | D:1      | Reached ** piety under Trog
   273 | D:1      | Found Kuethride's Antique Armour Shop.
   469 | D:1      | Reached XP level 3. HP: 33/33 MP: 2/2
   659 | D:2      | Reached skill level 5 in Axes
   743 | D:2      | Slain by a gnoll

Illustrated notes

Levels and vault maps discovered:
D:1:      moated_graveyard_arrival, layout_rooms, serial_shops, shop,
          st_stairs_6, minmay_cut_off
D:2:      layout_basic, uniq_jessica

Skill      XL: |  1  2  3 |
---------------+----------+-----
Axes           | 4 5 |  5.1
Fighting       | 4 |  4.3
Maces & Flails | |  0.3
Armour         | |  2.4
Dodging        | |  2.1

Action                   || total
-------------------------++-------
Melee: Hand axe          ||    21
       Headbutt          ||     6
       Quarterstaff      ||    26
       Great mace        ||     6
Invok: Berserk           ||     1
Armor: Scale mail        ||    20
       Chain mail        ||    12
Dodge: Dodged            ||    36

Table legend: (Time is in decaauts)
 A = Elapsed time spent in this place.
 B = Non-inter-level travel time spent in this place.
 C = Inter-level travel time spent in this place.
 D = Time resting spent in this place.
 E = Time spent auto-exploring this place.
 F = Levels seen in this place.
 G = Mean time per level.
                   A        B        C        D        E       F      G
               +--------+--------+--------+--------+--------+-----+--------+
         Total |    750 |    732 |     18 |      0 |    522 |   2 |  375.0 |
       Dungeon |    750 |    732 |     18 |      0 |    522 |   2 |  375.0 |
               +--------+--------+--------+--------+--------+-----+--------+

Top non-repeatable levels by time:
     D:1: 533 daAuts
     D:2: 217 daAuts
